 Dungeon Crawl Stone Soup version 0.31-a0-656-gb4d89c20fa (webtiles) character file.

Game seed: 5069058617159647834

60 LobsterGuardian the Sneak (level 3, 0/16 HPs)
             Began as a Spriggan Enchanter on Aug 30, 2023.
             Slain by a phantom (4 damage)
             ... on level 2 of the Dungeon.
             The game lasted 00:02:23 (1302 turns).

LobsterGuardian the Sneak (Spriggan Enchanter)      Turns: 1302, Time: 00:02:23

Health: 0/16       AC:  2    Str:  3    XL:     3   Next: 80%
Magic:  7/8        EV: 17    Int: 16    God:
Gold:   91         SH:  0    Dex: 15    Spells: 5/7 levels left

rFire   . . .        f - +11 long sword of the Gloaming {venom, Fly Str-3 Stlth+}
rCold   . . .        n - orb {mayhem}
rNeg    . . .        b - +0 robe
rPois   .            (helmet restricted)
rElec   .            (no cloak)
rCorr   .            (gloves unavailable)
SInv    +            (boots unavailable)
Will    .....        (no amulet)
Stlth   ++++         (no ring)
HPRegen 0.22/turn    (no ring)
MPRegen 0.11/turn

%: mayhem
@: flying, hasted, invisible, very quick
A: very small, no large weapons, unfitting armour, see invisible, speed 3
a: no special abilities


You were on level 2 of the Dungeon.
You visited 1 branch of the dungeon, and saw 2 of its levels.

You collected 91 gold pieces.

Inventory:

Hand Weapons
 a - a +1 dagger
 f - the +11 long sword of the Gloaming (weapon) {venom, Fly Str-3 Stlth+}
   (You found it on level 2 of the Dungeon)

   Str-3:     It affects your strength (-3).
   Fly:       It grants you flight.
   Stlth+:    It makes you more stealthy.
Armour
 b - a +0 robe (worn)
 n - an orb of mayhem (worn)
Jewellery
 e - a ring of flight
 j - a ring of magical power
 m - a ring of fire
Scrolls
 d - a scroll of butterflies {unknown}
 i - a scroll of identify {unknown}
 l - a scroll of enchant armour {unknown}
Potions
 c - a potion of invisibility
 h - a potion of curing {unknown}
 k - a potion of attraction {unknown}


   Skills:
 - Level 1.1(1.2) Short Blades
 * Level 0.4(0.7) Long Blades
 + Level 2.9 Dodging
 * Level 6.4 Stealth
 - Level 2.6 Spellcasting
 + Level 4.2 Hexes


You had 5 spell levels left.
You knew the following spells:

 Your Spells              Type           Power      Damage    Failure   Level
a - Ensorcelled Hibernat  Hex/Ice        16%        N/A       12%         2

Your spell library contained the following spells:

 Spells                   Type           Power      Damage    Failure   Level
 Confusing Touch          Hex            15%        N/A       10%         3
 Tukima's Dance           Hex            15%        N/A       10%         3
 Dazzling Flash           Conj/Hex       16%        N/A       24%         3
 Passage of Golubria      Tloc           2%         N/A       88%         4
 Yara's Violent Unravell  Hex/Tmut       4%         3d4       92%         5


Dungeon Overview and Level Annotations

Branches:
Dungeon (2/15)

Altars:


Innate Abilities, Weirdness & Mutations

You are very small and have problems with some larger weapons.
You are too small for most types of armour.
You have supernaturally acute eyesight. (SInv)
You cover ground extremely quickly. (Speed+++)


Message History

Confirm with . or Enter, or press ? or * to list all spells.
Aiming: Ensorcelled Hibernation (safe; 12% risk of failure)
Press: ? - help, Shift-Dir - straight line, f - adder
Aim: an adder (moderately wounded, chance to affect: 50%)
The adder looks drowsy...
You feel sick.
The adder misses the phantom.
The adder closely misses the phantom.
Unknown command.
The helpless adder fails to defend itself.
You hit the adder.
The adder is severely wounded.
You feel sick. The adder misses you.
The adder closely misses the phantom.
The adder bites you but does no damage.
The adder closely misses the phantom.
Unknown command.
You fade into invisibility!
You feel sick.
The adder bites the phantom.
The adder closely misses you.
The adder closely misses the phantom.
Unknown command.
The adder closely misses the phantom.
You closely miss the adder.
The adder is severely wounded.
You feel sick.
You are no longer poisoned.
The adder bites the phantom.
The adder completely misses you.
The adder misses the phantom.
The phantom misses the adder.
The adder completely misses you.
The adder closely misses the phantom.
The phantom closely misses the adder.
You slash the adder!
You kill the adder!
The adder closely misses the phantom.
The adder bites the phantom.
The phantom hits the adder.
The adder dies!
Unknown command.
You aren't carrying any items that you can evoke.
It was a potion of haste.
You feel yourself speed up.
Unknown command.
The phantom misses you.
You hit the phantom.
The phantom is heavily damaged.
The phantom hits you.
You die...

#.#######.#...# #....###.####
............### ###..........
#.........#.#$.. W.!#.###...###
............###r###.###..........
..........#...#.†...#....##..#.##
.########.#.#.###.###....##..#.##
.# #.#.#...#.#...#####..#.## .#
#.#.#.#.#W#.### #..#.## .#
#.#.#.#.@...# #..#.## .#
#.#.#.##.##########..#.## .#
#.#...##.............#.## .#
#.###.##.##########.##.## .#
#.#################.....# .#
#........................ .#
######################### .# .#


You could see a phantom (unable to see you).

Vanquished Creatures
  3 adders (D:2)
  5 bats
  An endoplasm (D:1)
  A goblin (D:2)
  3 hobgoblins (D:1)
  4 jackals (D:2)
  4 kobolds
  A quokka (D:1)
  4 ball pythons
  A rat (D:2)
27 creatures vanquished.

Vanquished Creatures (collateral kills)
  An endoplasm (D:2)
  A quokka (D:2)
2 creatures vanquished.

Vanquished Creatures (others)
  An adder (D:2)
1 creature vanquished.

Grand Total: 30 creatures vanquished

Notes
Turn   | Place    | Note
-------+----------+-------------------------------------------
     0 | D:1      | LobsterGuardian the Spriggan Enchanter began the quest for
                  | the Orb.
     0 | D:1      | Reached XP level 1. HP: 9/9 MP: 5/5
   204 | D:1      | Reached skill level 5 in Stealth
   204 | D:1      | Reached XP level 2. HP: 13/13 MP: 6/6
   220 | D:1      | Learned a level 2 spell: Ensorcelled Hibernation
   245 | D:1      | You fall into a shaft and drop 1 floor!
   257 | D:2      | Identified the +11 long sword of the Gloaming {venom, Fly
                  | Str-3 Stlth+}
   455 | D:2      | Reached XP level 3. HP: 16/16 MP: 8/8
   780 | D:2      | Reached skill level 6 in Stealth
  1289 | D:2      | Noticed a phantom
  1302 | D:2      | Slain by a phantom

Illustrated notes

Levels and vault maps discovered:
D:1:      dpeg_arrival_signposts, layout_rooms, st_stairs_12
D:2:      layout_basic, minmay_quantized

Skill      XL: |  1  2  3 |
---------------+----------+-----
Stealth        | 5 6 |  6.4
Hexes          | 4 |  4.2
Short Blades   | |  1.1
Long Blades    | |  0.4
Dodging        | |  2.9
Spellcasting   | |  2.6

Action                     || total
---------------------------++-------
  Melee: Dagger            ||    44
         Long sword        ||    27
   Cast: Ensorcelled Hiber ||     3
    Use: Potion            ||     2
   Stab: Sleeping          ||    13
 Armour: Robe              ||     5
  Dodge: Dodged            ||    46

Table legend: (Time is in decaauts)
 A = Elapsed time spent in this place.
 B = Non-inter-level travel time spent in this place.
 C = Inter-level travel time spent in this place.
 D = Time resting spent in this place.
 E = Time spent auto-exploring this place.
 F = Levels seen in this place.
 G = Mean time per level.
                   A        B        C        D        E       F      G
               +--------+--------+--------+--------+--------+-----+--------+
         Total |    881 |    881 |      0 |      0 |    704 |   2 |  440.5 |
       Dungeon |    881 |    881 |      0 |      0 |    704 |   2 |  440.5 |
               +--------+--------+--------+--------+--------+-----+--------+

Top non-repeatable levels by time:
     D:2: 692 daAuts
     D:1: 189 daAuts
